DBL
NEW YORK YANKEES @ CHICAGO CUBS
06/22/1997
 
TOP OF THE 1ST
New York Yankees batting - Pitching for Chicago Cubs : RHP Scott Chiamparino
Pitching: RHP Scott Chiamparino
Batting: RHB Orlando Cabrera 0-0: Ball
1-0: Called Strike
1-1: Swinging Strike
1-2: SINGLE (Groundball, 56D, EV 100.0 MPH)
Batting: LHB Bobby Abreu 0-0: Bunt missed!
0-1: Ball
1-1: Sac Bunt to 25 - play at first, batter OUT! 5-4
Orlando Cabrera to second
Batting: RHB Kazuhiro Kiyohara 0-0: Ball
1-0: Ball
2-0: Foul Ball, location: 2F
2-1: Fly out, F8 (Flyball, 8LD, EV 90.0 MPH)
Batting: SHB Quinton McCracken 0-0: Ball
1-0: Ball
2-0: Ball
3-0: Called Strike
3-1: SINGLE (Groundball, 13, EV 75.6 MPH) (infield hit)
Orlando Cabrera to third
Batting: RHB Travis Fryman 0-0: Called Strike
0-1: Ball
1-1: Ball
2-1: Ball
3-1: Called Strike
3-2: SINGLE (Line Drive, 8LS, EV 107.5 MPH)
Orlando Cabrera scores
Quinton McCracken to second
Quinton McCracken to third
Batting: RHB Phil B. Clark 0-0: SINGLE (Flyball, 9LM, EV 88.8 MPH)
Quinton McCracken scores
Travis Fryman to second
Runner from 2nd tries for 3rd, SAFE, throw by RF made to third
Batting: RHB Mike Gallego 0-0: DOUBLE (Line Drive, 78D, EV 105.6 MPH)
Travis Fryman scores
Phil B. Clark to third
Runner from 3rd tries for Home, SAFE, throw by CF to home
Batting: RHB Darren Lewis 0-0: Called Strike
0-1: Ball
1-1: Ball
2-1: Foul Ball, location: 2F
2-2: Strikes out looking
Top of the 1st over - 4 runs, 5 hits, 0 errors, 1 left on base; New York 4 - Chicago 0
BOTTOM OF THE 1ST
Chicago Cubs batting - Pitching for New York Yankees : LHP Greg Hibbard
Pitching: LHP Greg Hibbard
Batting: RHB Craig Shipley 0-0: Ground out 4-3 (Groundball, 4, EV 103.8 MPH)
Batting: RHB Derek Bell 0-0: Foul Ball, location: 2F
0-1: Ball
1-1: Foul Ball, location: 2F
1-2: Ball
2-2: Fly out, F8 (Line Drive, 8LD, EV 85.6 MPH)
Batting: LHB Trot Nixon 0-0: Ball
1-0: Ball
2-0: Foul Ball, location: 2F
2-1: Foul Ball, location: 2F
2-2: Ground out 4-3 (Groundball, 4D, EV 91.9 MPH)
Bottom of the 1st over - 0 runs, 0 hits, 0 errors, 0 left on base; New York 4 - Chicago 0
TOP OF THE 2ND
New York Yankees batting - Pitching for Chicago Cubs : RHP Scott Chiamparino
Batting: LHB Jeff Grotewold 0-0: Ground out 4-3 (Groundball, 4, EV 80.6 MPH)
Batting: RHB Orlando Cabrera 0-0: Ball
1-0: Called Strike
1-1: Ball
2-1: Ball
3-1: Foul Ball, location: 2F
3-2: Foul Ball, location: 2F
3-2: Foul Ball, location: 2F
3-2: DOUBLE (Flyball, 89D, EV 98.1 MPH)
Batting: LHB Bobby Abreu 0-0: Ball
1-0: Called Strike
1-1: Ball
2-1: Ball
3-1: Foul Ball, location: 2F
3-2: Foul Ball, location: 2F
3-2: TRIPLE (Flyball, 9LD, EV 102.5 MPH)
Orlando Cabrera scores
Batting: RHB Kazuhiro Kiyohara 0-0: Ball
1-0: Ball
2-0: SINGLE (Groundball, 56D, EV 103.1 MPH)
Bobby Abreu scores
Batting: SHB Quinton McCracken 0-0: Ball
1-0: Fly out, F9 (Flyball, 9S, EV 87.5 MPH)
Batting: RHB Travis Fryman 0-0: SINGLE (Line Drive, 8RS, EV 113.1 MPH)
Kazuhiro Kiyohara to second
Batting: RHB Phil B. Clark 0-0: Ball
1-0: Foul Ball, location: 2F
1-1: Fly out, F3 (Line Drive, 3, EV 75.0 MPH)
Top of the 2nd over - 2 runs, 4 hits, 0 errors, 2 left on base; New York 6 - Chicago 0
BOTTOM OF THE 2ND
Chicago Cubs batting - Pitching for New York Yankees : LHP Greg Hibbard
Batting: RHB Mike Piazza 0-0: Ball
1-0: Called Strike
1-1: Called Strike
1-2: SINGLE (Line Drive, 9LS, EV 107.5 MPH)
Batting: RHB Vinny Castilla 0-0: Ball
1-0: Ball
2-0: DOUBLE (Line Drive, 7LM, EV 107.5 MPH)
Mike Piazza to third
Batting: RHB Carmelo Martinez 0-0: Called Strike
0-1: Swinging Strike
0-2: Ground out 6-3 (Groundball, 6, EV 105.0 MPH)
Mike Piazza scores
Batting: RHB Jeff Cirillo 0-0: Swinging Strike
0-1: Ball
1-1: Called Strike
1-2: Foul Ball, location: 2F
1-2: Ball
2-2: Fly out, F8 (Line Drive, 78M, EV 96.9 MPH)
Batting: RHB Chris Hoiles 0-0: Foul Ball, location: 2F
0-1: Ball
1-1: Ball
2-1: Called Strike
2-2: Strikes out swinging
Bottom of the 2nd over - 1 run, 2 hits, 0 errors, 1 left on base; New York 6 - Chicago 1
TOP OF THE 3RD
New York Yankees batting - Pitching for Chicago Cubs : RHP Scott Chiamparino
Batting: RHB Mike Gallego 0-0: Ball
1-0: Ball
2-0: Ball
3-0: Called Strike
3-1: Foul Ball, location: 2F
3-2: Foul Ball, location: 2F
3-2: Base on Balls
Batting: RHB Darren Lewis 0-0: Called Strike
0-1: TRIPLE (Line Drive, 89XD, EV 103.1 MPH)
Mike Gallego scores
Batting: LHB Jeff Grotewold 0-0: Swinging Strike
0-1: Swinging Strike
0-2: Foul Ball, location: 2F
0-2: Foul Ball, location: 2F
0-2: Strikes out swinging
Batting: RHB Orlando Cabrera 0-0: Called Strike
0-1: Ball
1-1: Foul Ball, location: 2F
1-2: Fly out, F9 (Flyball, 9, EV 83.8 MPH)
Runner from 3rd tags up, SCORES, no throw by RF
Batting: LHB Bobby Abreu 0-0: Ball
1-0: SINGLE (Line Drive, 9LM, EV 94.4 MPH)
Pitching: RHP Dana Kiecker
Batting: RHB Kazuhiro Kiyohara 0-0: Called Strike
0-1: Ball
1-1: Called Strike
1-2: Strikes out swinging
Top of the 3rd over - 2 runs, 2 hits, 0 errors, 1 left on base; New York 8 - Chicago 1
BOTTOM OF THE 3RD
Chicago Cubs batting - Pitching for New York Yankees : LHP Greg Hibbard
Batting: RHB Bob Brower 0-0: Called Strike
0-1: Called Strike
0-2: Ball
1-2: Foul Ball, location: 2F
1-2: Ball
2-2: Foul Ball, location: 2F
2-2: Fly out, F8 (Flyball, 78M, EV 91.3 MPH)
Batting: RHB Craig Shipley 0-0: Called Strike
0-1: Swinging Strike
0-2: Strikes out looking
Batting: RHB Derek Bell 0-0: Ball
1-0: Ball
2-0: Ball
3-0: Called Strike
3-1: Called Strike
3-2: Foul Ball, location: 2F
3-2: SINGLE (Groundball, 4MS, EV 61.3 MPH) (infield hit)
Batting: LHB Trot Nixon 0-0: Ball
1-0: Ball
2-0: Called Strike
2-1: Called Strike
2-2: Strikes out swinging
Bottom of the 3rd over - 0 runs, 1 hit, 0 errors, 1 left on base; New York 8 - Chicago 1
TOP OF THE 4TH
New York Yankees batting - Pitching for Chicago Cubs : RHP Dana Kiecker
Batting: SHB Quinton McCracken 0-0: Ball
1-0: Ground out U3 (Groundball, 3, EV 107.5 MPH)
Batting: RHB Travis Fryman 0-0: Ball
1-0: Ball
2-0: Ball
3-0: Called Strike
3-1: SINGLE (Line Drive, 9LS, EV 108.8 MPH)
Batting: RHB Phil B. Clark 0-0: Fielders Choice at 2nd, 3-6 (Groundball, 34, EV 83.8 MPH)
Batting: RHB Mike Gallego 0-0: Foul Ball, location: 2F
0-1: Foul Ball, location: 2F
0-2: Ground out 1-3 (Groundball, 23, EV 86.3 MPH)
Top of the 4th over - 0 runs, 1 hit, 0 errors, 1 left on base; New York 8 - Chicago 1
BOTTOM OF THE 4TH
Chicago Cubs batting - Pitching for New York Yankees : LHP Greg Hibbard
Batting: RHB Mike Piazza 0-0: SINGLE (Groundball, 4MD, EV 94.4 MPH)
Batting: RHB Vinny Castilla 0-0: Foul Ball, location: 2F
0-1: Swinging Strike
0-2: Foul Ball, location: 2F
0-2: Strikes out swinging
Batting: RHB Carmelo Martinez 0-0: Ball
1-0: Called Strike
1-1: Called Strike
1-2: Strikes out looking
Batting: RHB Jeff Cirillo 0-0: Called Strike
0-1: Reached on error, E3 (Groundball, 3S, EV 71.3 MPH)
Mike Piazza to third
Batting: RHB Chris Hoiles 0-0: Ball
1-0: Swinging Strike
1-1: Fly out, F7 (Flyball, 7LMF, EV 106.9 MPH)
Bottom of the 4th over - 0 runs, 1 hit, 1 error, 2 left on base; New York 8 - Chicago 1
TOP OF THE 5TH
New York Yankees batting - Pitching for Chicago Cubs : RHP Dana Kiecker
Batting: RHB Darren Lewis 0-0: Swinging Strike
0-1: Foul Ball, location: 2F
0-2: Ball
1-2: Ball
2-2: Fly out, F7 (Flyball, 7LD, EV 101.9 MPH)
Batting: LHB Jeff Grotewold 0-0: Foul Ball, location: 2F
0-1: Ground out 3-1 (Groundball, 34S, EV 82.5 MPH)
Batting: RHB Orlando Cabrera 0-0: Ball
1-0: Called Strike
1-1: Ball
2-1: Swinging Strike
2-2: SINGLE (Line Drive, 34, EV 101.3 MPH)
Batting: LHB Bobby Abreu 0-0: Called Strike
0-1: Ball
1-1: Ball
2-1: Called Strike
2-2: Ground out 4-3 (Groundball, 4, EV 103.1 MPH)
Top of the 5th over - 0 runs, 1 hit, 0 errors, 1 left on base; New York 8 - Chicago 1
BOTTOM OF THE 5TH
Chicago Cubs batting - Pitching for New York Yankees : LHP Greg Hibbard
Batting: RHB Bob Brower 0-0: Called Strike
0-1: Called Strike
0-2: Strikes out looking
Batting: RHB Craig Shipley 0-0: Called Strike
0-1: Ball
1-1: Ball
2-1: Foul Ball, location: 2F
2-2: Fly out, F8 (Flyball, 8LS, EV 91.9 MPH)
Batting: RHB Derek Bell 0-0: Swinging Strike
0-1: Ball
1-1: Ball
2-1: Swinging Strike
2-2: Fly out, F3 (Popup, 23F, EV 90.0 MPH)
Bottom of the 5th over - 0 runs, 0 hits, 0 errors, 0 left on base; New York 8 - Chicago 1
TOP OF THE 6TH
New York Yankees batting - Pitching for Chicago Cubs : RHP Dana Kiecker
Batting: RHB Kazuhiro Kiyohara 0-0: Ball
1-0: Foul Ball, location: 2F
1-1: Swinging Strike
1-2: Ball
2-2: Strikes out looking
Batting: SHB Quinton McCracken 0-0: Foul Ball, location: 2F
0-1: Called Strike
0-2: Ball
1-2: Ball
2-2: Ball
3-2: Foul Ball, location: 2F
3-2: Strikes out swinging
Batting: RHB Travis Fryman 0-0: Swinging Strike
0-1: Called Strike
0-2: Foul Ball, location: 2F
0-2: Ball
1-2: Foul Ball, location: 2F
1-2: SINGLE (Line Drive, 6MD, EV 96.3 MPH)
Batting: RHB Phil B. Clark 0-0: Called Strike
0-1: Ball
1-1: Fly out, F8 (Flyball, 8RD, EV 89.4 MPH)
Top of the 6th over - 0 runs, 1 hit, 0 errors, 1 left on base; New York 8 - Chicago 1
BOTTOM OF THE 6TH
Chicago Cubs batting - Pitching for New York Yankees : LHP Greg Hibbard
Batting: LHB Trot Nixon 0-0: Called Strike
0-1: Ball
1-1: Ball
2-1: DOUBLE (Line Drive, 89XD, EV 105.6 MPH)
Batting: RHB Mike Piazza 0-0: Called Strike
0-1: Foul Ball, location: 2F
0-2: Strikes out swinging
Batting: RHB Vinny Castilla 0-0: Ball
1-0: Swinging Strike
1-1: Ball
2-1: Ground out 5-3 (Groundball, 56, EV 82.5 MPH)
Batting: RHB Carmelo Martinez 0-0: Ground out 6-3 (Groundball, 6M, EV 81.9 MPH)
Bottom of the 6th over - 0 runs, 1 hit, 0 errors, 1 left on base; New York 8 - Chicago 1
TOP OF THE 7TH
New York Yankees batting - Pitching for Chicago Cubs : RHP Dana Kiecker
Pinch Hitting: SHB Edgar Caceres 0-0: Ball
1-0: Ball
2-0: Called Strike
2-1: Fly out, F8 (Flyball, 89M, EV 80.0 MPH)
Pinch Hitting: RHB Ryan Thompson 0-0: Called Strike
0-1: Ground out 6-3 (Groundball, 6, EV 87.5 MPH)
Batting: LHB Jeff Grotewold 0-0: Ball
1-0: SINGLE (Flyball, 78M, EV 91.9 MPH)
Batting: RHB Orlando Cabrera 0-0: Swinging Strike
0-1: Swinging Strike
0-2: Ball
1-2: Fielders Choice at 2nd, 5-4 (Groundball, 56, EV 103.1 MPH)
Top of the 7th over - 0 runs, 1 hit, 0 errors, 1 left on base; New York 8 - Chicago 1
BOTTOM OF THE 7TH
Chicago Cubs batting - Pitching for New York Yankees : LHP Greg Hibbard
Now at 2B: Edgar Caceres
Now in CF: Ryan Thompson
Pinch Hitting: RHB Randy Velarde 0-0: Called Strike
0-1: Ball
1-1: Foul Ball, location: 2F
1-2: Foul Ball, location: 2F
1-2: Ball
2-2: Hit by Pitch
Batting: RHB Chris Hoiles 0-0: Foul Ball, location: 2F
0-1: Ball
1-1: Ball
2-1: Fielders Choice at 2nd, 1-4 (Groundball, P, EV 90.6 MPH)
Batting: RHB Bob Brower 0-0: Called Strike
0-1: Ball
1-1: Foul Ball, location: 2F
1-2: Foul Ball, location: 2F
1-2: Fly out, F3 (Popup, 3F, EV 69.4 MPH)
Batting: RHB Craig Shipley 0-0: Ball
1-0: Fielders Choice at 2nd, 6-4 (Groundball, 6, EV 84.4 MPH)
Bottom of the 7th over - 0 runs, 0 hits, 0 errors, 1 left on base; New York 8 - Chicago 1
TOP OF THE 8TH
New York Yankees batting - Pitching for Chicago Cubs : RHP Dana Kiecker
Now at SS: Randy Velarde
Pinch Hitting: LHB J.R. Phillips 0-0: Swinging Strike
0-1: Ball
1-1: Fly out, F7 (Flyball, 78S, EV 87.5 MPH)
Batting: RHB Kazuhiro Kiyohara 0-0: Ball
1-0: Ball
2-0: Ball
3-0: Called Strike
3-1: Swinging Strike
3-2: DOUBLE (Line Drive, 89D, EV 111.9 MPH)
Pitching: RHP Mike Schooler
Batting: SHB Quinton McCracken 0-0: Ball
1-0: DOUBLE (Line Drive, 9LM, EV 105.0 MPH)
Kazuhiro Kiyohara scores
Batting: RHB Travis Fryman 0-0: Called Strike
0-1: Called Strike
0-2: Ground out 6-3 (Groundball, 6, EV 81.9 MPH)
Quinton McCracken to third
Batting: RHB Phil B. Clark 0-0: Ball
1-0: Ball
2-0: Called Strike
2-1: Foul Ball, location: 2F
2-2: Fly out, F8 (Flyball, 8LD, EV 99.4 MPH)
Top of the 8th over - 1 run, 2 hits, 0 errors, 1 left on base; New York 9 - Chicago 1
BOTTOM OF THE 8TH
Chicago Cubs batting - Pitching for New York Yankees : LHP Greg Hibbard
Now in RF: J.R. Phillips
Batting: RHB Derek Bell 0-0: Swinging Strike
0-1: Called Strike
0-2: Ball
1-2: Ground out 5-3 (Groundball, 56S, EV 88.8 MPH)
Batting: LHB Trot Nixon 0-0: Called Strike
0-1: Swinging Strike
0-2: Foul Ball, location: 2F
0-2: Ground out 1-3 (Groundball, 13, EV 83.1 MPH)
Batting: RHB Mike Piazza 0-0: Ball
1-0: Foul Ball, location: 2F
1-1: Ball
2-1: Ground out 5-3 (Groundball, 56S, EV 70.6 MPH)
Bottom of the 8th over - 0 runs, 0 hits, 0 errors, 0 left on base; New York 9 - Chicago 1
TOP OF THE 9TH
New York Yankees batting - Pitching for Chicago Cubs : RHP Mike Schooler
Batting: SHB Edgar Caceres 0-0: Ball
1-0: Foul Ball, location: 2F
1-1: Ball
2-1: Called Strike
2-2: Strikes out swinging
Batting: RHB Ryan Thompson 0-0: Foul Ball, location: 2F
0-1: Ground out 6-3 (Groundball, 6, EV 97.5 MPH)
Batting: LHB Jeff Grotewold 0-0: Ball
1-0: Ball
2-0: Foul Ball, location: 2F
2-1: Swinging Strike
2-2: Strikes out looking
Top of the 9th over - 0 runs, 0 hits, 0 errors, 0 left on base; New York 9 - Chicago 1
BOTTOM OF THE 9TH
Chicago Cubs batting - Pitching for New York Yankees : LHP Greg Hibbard
Batting: RHB Vinny Castilla 0-0: Called Strike
0-1: Ball
1-1: Ball
2-1: DOUBLE (Groundball, 5L, EV 109.4 MPH)
Pitching: RHP Andy Ashby
Batting: RHB Carmelo Martinez 0-0: Swinging Strike
0-1: Called Strike
0-2: Strikes out looking
Batting: RHB Randy Velarde 0-0: Ball
1-0: Called Strike
1-1: Foul Ball, location: 2F
1-2: Ball
2-2: Ball
3-2: Fly out, F4 (Popup, 4S, EV 82.5 MPH)
Batting: RHB Chris Hoiles 0-0: Foul Ball, location: 2F
0-1: Swinging Strike
0-2: Foul Ball, location: 2F
0-2: Strikes out swinging
Bottom of the 9th over - 0 runs, 1 hit, 0 errors, 1 left on base; New York 9 - Chicago 1
Saturday, February 28th, 2026 - OOTP Baseball 20.8 Build 74